 Dungeon Crawl Stone Soup version 0.28-a0-691-gad6df49e81 (webtiles) character file.

Game seed: 1400220296242879629

326 RepHenryClay the Stinger (level 6, -1/73 HPs)
             Began as a Naga Venom Mage on Oct 20, 2021.
             Slain by a goblin (3 damage)
             ... on level 4 of the Dungeon.
             The game lasted 00:08:20 (6197 turns).

RepHenryClay the Stinger (Naga Venom Mage)          Turns: 6197, Time: 00:08:20

Health: -1/73      AC:  3    Str: 11    XL:     6   Next: 49%
Magic:  6/10       EV:  9    Int: 17    God:
Gold:   165        SH:  0    Dex: 11    Spells: 2/11 levels left

rFire   . . .      SeeInvis +   j - +1 falchion (elec)
rCold   . . .      Faith    .   (no shield)
rNeg    . . .      Spirit   .   a - +0 robe
rPois   +          Reflect  .   (no helmet)
rElec   .          Harm     .   (no cloak)
rCorr   +          Rampage  .   (no gloves)
Will    .....                   (no barding)
Stlth   ..........              (no amulet)
HPRegen 0.22/turn               n - ring of resist corrosion
MPRegen 0.12/turn               (no ring)

@: berserking, quick
A: AC +2, large, see invisible, deformed body, poison resistance, slowness 2,
spit poison 1, naga tail 1
a: Spit Poison


You were on level 4 of the Dungeon.
You visited 1 branch of the dungeon, and saw 4 of its levels.

You collected 165 gold pieces.

Inventory:

Hand Weapons
 d - a +0 short sword of speed
 j - a +1 falchion of electrocution (weapon)
Missiles
 i - a throwing net
Armour
 a - a +0 robe (worn)
Jewellery
 n - a ring of resist corrosion (left hand)
Wands
 l - a wand of flame (21)
 o - a wand of iceblast (6)
 u - a wand of charming (7)
Scrolls
 b - 3 scrolls of identify {unknown}
 c - 2 scrolls of fear {unknown}
 e - a scroll of magic mapping {unknown}
 g - 2 scrolls of vulnerability {unknown}
 h - a scroll of acquirement {unknown}
 k - 2 scrolls of amnesia {unknown}
 m - 2 scrolls of teleportation {unknown}
 r - a scroll of summoning {unknown}
 s - 2 scrolls of enchant armour {unknown}
 t - a scroll of noise {unknown}
 v - a scroll of fog {unknown}
 w - a scroll of blinking {unknown}
Potions
 f - a potion of haste
 p - a potion of berserk rage
 q - a potion of curing {unknown}


   Skills:
 - Level 1.5 Dodging
 - Level 3.0 Stealth
 + Level 3.1 Spellcasting
 - Level 1.0 Transmutations
 - Level 3.6 Air Magic
 + Level 6.9 Poison Magic


You had 2 spell levels left.
You knew the following spells:

 Your Spells              Type           Power      Damage    Failure   Level
a - Poisonous Vapours     Pois/Air       40%        N/A       3%          2
b - Sting                 Tmut/Pois      64%        1d6       3%          1
c - Mephitic Cloud        Conj/Pois/Air  14%        N/A       12%         3
d - Stone Arrow           Conj/Erth      4%         3d7       45%         3

Your spell library contained the following spells:

 Spells                   Type           Power      Damage    Failure   Level
 Sandblast                Erth           4%         2d4       17%         1
 Passwall                 Tmut/Erth      3%         N/A       22%         2
 Olgreb's Toxic Radiance  Pois           26%        N/A       10%         4


Dungeon Overview and Level Annotations

Branches:
Dungeon (4/15)
 Temple: D:4-7

Altars:
Gozag
Uskayaw


Innate Abilities, Weirdness & Mutations

Your serpentine skin is tough. (AC +2)
You have supernaturally acute eyesight. (SInv)
Armour fits poorly on your strangely shaped body.
Your system is resistant to poisons. (rPois)
You cover ground very slowly.
You can spit poison.
You have a snake-like lower body.


Message History

Damage: -3%(-2hp) hp: 22%(16hp)
You closely miss the jackal.
The jackal bites you but does no damage.
The goblin hits you with a +0 dagger.
* * * LOW HITPOINT WARNING * * *
The scorpion zombie hits you.
* * * LOW HITPOINT WARNING * * *
The orc howls, "My nostrils!"
Huge Dmg: -8%(-6hp) hp: 14%(10hp)
You barely miss the jackal.
The jackal bites you but does no damage.
The goblin hits you with a +0 dagger.
* * * LOW HITPOINT WARNING * * *
The scorpion zombie hits you.
* * * LOW HITPOINT WARNING * * *
Huge Dmg: -4%(-3hp) hp: 10%(7hp)
You closely miss the jackal. The jackal barely misses you.
The goblin hits you but does no damage.
The scorpion zombie hits you but does no damage.
The jackal bites you but does no damage.
You barely miss the jackal. The jackal bites you.
* * * LOW HITPOINT WARNING * * *
The scorpion zombie hits you.
* * * LOW HITPOINT WARNING * * *
The goblin closely misses you.
Huge Dmg: -8%(-6hp) hp: 2%(1hp)
You are too berserk!
You are too berserk!
You barely miss the scorpion zombie.
The jackal bites you but does no damage.
The orc grins madly.
You slash the scorpion zombie!
The scorpion zombie is moderately damaged.
The scorpion zombie closely misses you. The goblin completely misses you.
The jackal barely misses you.
You barely miss the scorpion zombie.
The scorpion zombie is moderately damaged.
The jackal bites you but does no damage.
The goblin hits you with a +0 dagger.
You die...

###...####...###.......(####....#
##...###.....##...#......#####.#
#.....#.......#...##..)..#####.#
#.....#.......'...##......#....###
#.#..##.......#...####......##>...
#.#..###.....##...# #############
#.#...###...###...# ..
#.##..####### #..†# .h.
##.###......####.@g#.... #..#
###......##h.Z'..... #.##
##.....##...#.o... #.#
####......#...# .... #.#
#.####........# ... #.#
#.################## #.# #.#.# .#
#.# #.# #.#.# .# ##.## #.####.#.#
.# ##...##


You could see an orc (confused), a scorpion zombie, a jackal and a goblin.

Vanquished Creatures
  A hound (D:4)
  An iguana (D:4)
  Jessica (D:2)
  Natasha (D:4)
  4 gnolls (D:3)
  8 adders
  An ufetubus (D:4)
  2 adder skeletons (D:4)
  4 dart slugs
  5 orcs (D:4)
  6 ball pythons
  5 endoplasms
  3 giant cockroaches
  4 goblins
  8 hobgoblins
  7 jackals
  6 quokkas
  8 bats
  6 frilled lizards
  6 kobolds
  4 rats
91 creatures vanquished.

Notes
Turn   | Place    | Note
-------+----------+-------------------------------------------
     0 | D:1      | RepHenryClay the Naga Venom Mage began the quest for the
                  | Orb.
     0 | D:1      | Reached XP level 1. HP: 15/15 MP: 3/3
    90 | D:1      | Found a faded altar of an unknown god.
   519 | D:1      | Reached XP level 2. HP: 22/22 MP: 3/5
   793 | D:1      | Reached skill level 5 in Poison Magic
  1411 | D:1      | Reached XP level 3. HP: 19/28 MP: 3/6
  1817 | D:1      | Learned a level 2 spell: Poisonous Vapours
  1821 | D:1      | Learned a level 3 spell: Mephitic Cloud
  2336 | D:2      | Reached skill level 1 in Air Magic
  2336 | D:2      | Reached XP level 4. HP: 28/36 MP: 2/7
  2679 | D:2      | Noticed Jessica
  2686 | D:2      | Killed Jessica
  3237 | D:3      | Found a hide-covered altar of Uskayaw.
  3252 | D:3      | Reached XP level 5. HP: 42/42 MP: 2/8
  3786 | D:3      | HP: 2/42 [gnoll (4)]
  4540 | D:3      | Reached skill level 6 in Poison Magic
  5109 | D:4      | Found an opulent altar of Gozag.
  5415 | D:4      | Reached XP level 6. HP: 41/49 MP: 4/9
  5764 | D:4      | Learned a level 3 spell: Stone Arrow
  5972 | D:4      | Noticed Natasha
  5980 | D:4      | Killed Natasha
  6194 | D:4      | HP: 1/73 [scorpion zombie (5)]
  6197 | D:4      | Slain by a goblin

Illustrated notes

Levels and vault maps discovered:
D:1:      heliophobic_arrival_glass_houses, layout_basic,
          shapermc_ecumenical_altar_gd
D:2:      layout_loops_ring, uniq_jessica
D:3:      layout_rooms, mainiacjoe_overflow_cross_hatched
D:4:      minmay_opposing_rooms, layout_loops_ring, grunt_gozag_statues,
          ebering_dispersal_statue_hall, uniq_ijyb, uniq_natasha

Skill      XL: |  1  2  3  4  5  6 |
---------------+-------------------+-----
Poison Magic   | 5 6 |  6.9
Air Magic      | 1 3 |  3.6
Spellcasting   | 3 |  3.1
Dodging        | |  1.5
Stealth        | |  3.0
Transmutations | |  1.0

Action                   |  1- 3 |  4- 6 || total
-------------------------+-------+-------++-------
Melee: Unarmed           |    29 |       ||    29
       Short sword       |     2 |       ||     2
       Falchion          |       |   134 ||   134
 Cast: Sting             |    67 |     8 ||    75
       Poisonous Vapours |       |    53 ||    53
       Mephitic Cloud    |       |     3 ||     3
 Abil: Spit Poison       |     3 |     3 ||     6
  Use: Potion            |       |     2 ||     2
 Stab: Sleeping          |       |     1 ||     1
Armor: Robe              |     9 |    54 ||    63
Dodge: Dodged            |    38 |   108 ||   146

Table legend: (Time is in decaauts)
 A = Elapsed time spent in this place.
 B = Non-inter-level travel time spent in this place.
 C = Inter-level travel time spent in this place.
 D = Time resting spent in this place.
 E = Time spent auto-exploring this place.
 F = Levels seen in this place.
 G = Mean time per level.
                   A        B        C        D        E       F      G
               +--------+--------+--------+--------+--------+-----+--------+
         Total |   7193 |   7020 |    173 |   2122 |   4010 |   4 | 1798.2 |
       Dungeon |   7193 |   7020 |    173 |   2122 |   4010 |   4 | 1798.2 |
               +--------+--------+--------+--------+--------+-----+--------+

Top non-repeatable levels by time:
     D:1: 2220 daAuts
     D:2: 2166 daAuts
     D:4: 1410 daAuts
     D:3: 1396 daAuts
